[ AOE2 MATCH · #478445783 ]
UnrankedGurjaras vs Mongols
[ REPLAY ANALYSIS · EXTRACTED FROM THE RECORDED GAME ]
Feudal
4:17
Castle
6:46
Imperial
15:16
| APM avg | 26.9 |
| APM peak | 72 |
| eAPM avg | 25.0 |
| Villagers / military | 188 / 2382 |
Focus
⚔️ 59.0% · 🌾 41.0%
Chakram Thrower ×2362 · Trebuchet (Packed) ×14 · Mangonel ×4 · Monk ×2
Feudal
4:05
Castle
7:55
Imperial
18:08
| APM avg | 25.7 |
| APM peak | 111 |
| eAPM avg | 24.8 |
| Villagers / military | 176 / 1895 |
Focus
⚔️ 41.4% · 🌾 58.6%
Mangudai ×906 · Battering Ram ×831 · Mangonel ×118 · Cavalry Archer ×35 · Trebuchet (Packed) ×4 · Scorpion ×1
Feudal
5:10
Castle
8:37
Imperial
19:45
| APM avg | 6.5 |
| APM peak | 43 |
| eAPM avg | 5.3 |
| Villagers / military | 58 / 18 |
Focus
⚔️ 10.8% · 🌾 89.2%
Battering Ram ×16 · Mangonel ×2
Feudal
3:50
Castle
10:05
Imperial
17:33
| APM avg | 18.7 |
| APM peak | 51 |
| eAPM avg | 15.8 |
| Villagers / military | 138 / 520 |
Focus
⚔️ 37.0% · 🌾 63.0%
Battering Ram ×237 · Cavalry Archer ×128 · Spearman ×75 · Magyar Huszar ×35 · Mangonel ×30 · Scorpion ×15
Feudal
4:12
Castle
10:35
Imperial
24:11
| APM avg | 31.9 |
| APM peak | 117 |
| eAPM avg | 30.6 |
| Villagers / military | 325 / 112 |
Focus
⚔️ 21.4% · 🌾 78.6%
Ghulam ×105 · Mangonel ×7
Feudal
—
Castle
—
Imperial
—
| APM avg | 21.5 |
| APM peak | 89 |
| eAPM avg | 18.2 |
| Villagers / military | 41 / 118 |
Focus
⚔️ 20.4% · 🌾 79.6%
Scorpion ×24 · Mangonel ×18 · Skirmisher ×18 · Cavalry Archer ×18 · Keshik ×15 · Hand Cannoneer ×15
Feudal
—
Castle
—
Imperial
—
| APM avg | 23.9 |
| APM peak | 97 |
| eAPM avg | 19.1 |
| Villagers / military | 172 / 1163 |
Focus
⚔️ 47.9% · 🌾 52.1%
Battle Elephant ×627 · Scorpion ×193 · Cavalry Archer ×160 · Ballista Elephant ×116 · Knight ×35 · Mangonel ×32
Feudal
3:54
Castle
8:22
Imperial
16:54
| APM avg | 27.2 |
| APM peak | 73 |
| eAPM avg | 22.2 |
| Villagers / military | 150 / 1244 |
Focus
⚔️ 42.7% · 🌾 57.3%
Kamayuk ×844 · Petard ×161 · Battering Ram ×144 · Mangonel ×90 · Unknown (2550) ×23 · Archer ×5
Match map
Initial resources + every placement click. Lines = walls · curves = elevation contours. ◆ gold · ⬟ stone · ● berries · ✦ relic · ◌ wall gap
Your base· ✓ Map-separated
yxsko93's base· ✓ Map-separated
Sunnydae's base· ✓ Map-separated
sppd3181's base· ✓ Map-separated
sunny's base· ✓ Map-separated
DarthMadornk's base· ✓ Map-separated
Gibus3143's base· ✓ Map-separated
gamingtars's base· ✓ Map-separated
Smoothed initial terrain · ◌ = detected wall gap · hover for details
Inputs per minute
— 476055690 - - yxsko93
Build order — 476055690
First 150 of 1103 actions detected
| 0:07 | Create | Villager (Male) ×5 |
| 0:07 | Create | Villager (Male) ×5 |
| 0:08 | Create | Villager (Male) ×5 |
| 0:17 | Build | Lumber Camp |
| 0:26 | Build | House |
| 1:13 | Build | Mill |
| 3:10 | Research | Feudal Age |
| 4:17 | Age | Feudal Age |
| 4:24 | Build | Market |
| 4:27 | Create | Villager (Male) |
| 4:28 | Create | Villager (Male) |
| 4:28 | Create | Villager (Male) |
| 4:28 | Create | Villager (Male) |
| 4:29 | Create | Villager (Male) |
| 4:41 | Build | Blacksmith |
| 4:45 | Build | House |
| 5:34 | Research | Castle Age |
| 5:52 | Research | Double-Bit Axe |
| 5:52 | Research | Double-Bit Axe |
| 5:53 | Research | Double-Bit Axe |
| 6:04 | Research | Tech 1687 |
| 6:31 | Research | Tech 1688 |
| 6:46 | Age | Castle Age |
| 6:47 | Create | Villager (Male) |
| 6:48 | Create | Villager (Male) |
| 6:48 | Create | Villager (Male) |
| 6:49 | Create | Villager (Male) |
| 6:49 | Create | Villager (Male) |
| 6:50 | Create | Villager (Male) |
| 6:50 | Create | Villager (Male) |
| 6:50 | Create | Villager (Male) |
| 6:51 | Create | Villager (Male) |
| 6:51 | Create | Villager (Male) |
| 7:00 | Research | Bow Saw |
| 7:47 | Build | Lumber Camp |
| 8:08 | Create | Villager (Male) |
| 8:13 | Research | Tech 1625 |
| 8:13 | Research | Tech 1625 |
| 8:27 | Build | Town Center |
| 8:53 | Build | Farm |
| 9:03 | Create | Villager (Male) |
| 9:03 | Create | Villager (Male) |
| 9:04 | Create | Villager (Male) |
| 9:04 | Create | Villager (Male) |
| 9:38 | Build | Farm |
| 9:46 | Build | Farm |
| 10:00 | Create | Villager (Male) |
| 10:01 | Create | Villager (Male) |
| 10:06 | Research | Tech 1691 |
| 10:07 | Research | Tech 1691 |
| 10:07 | Research | Tech 1691 |
| 10:07 | Research | Tech 1692 |
| 10:08 | Research | Tech 1692 |
| 10:08 | Research | Tech 1692 |
| 10:08 | Research | Tech 1692 |
| 10:09 | Research | Tech 1692 |
| 10:09 | Research | Tech 1692 |
| 10:09 | Research | Tech 1692 |
| 10:18 | Research | Town Watch |
| 10:18 | Research | Town Watch |
| 10:19 | Research | Town Watch |
| 10:19 | Research | Town Watch |
| 10:19 | Research | Town Watch |
| 10:20 | Research | Town Watch |
| 10:20 | Research | Tech 1612 |
| 10:20 | Research | Tech 1612 |
| 10:21 | Research | Tech 1612 |
| 10:21 | Research | Tech 1612 |
| 10:21 | Research | Tech 1612 |
| 10:22 | Research | Tech 1612 |
| 10:22 | Research | Tech 1613 |
| 10:22 | Research | Tech 1613 |
| 10:23 | Research | Tech 1613 |
| 10:31 | Build | Farm |
| 11:02 | Create | Villager (Male) |
| 11:02 | Create | Villager (Male) |
| 11:02 | Create | Villager (Male) |
| 11:06 | Create | Villager (Male) |
| 11:07 | Create | Villager (Male) |
| 11:07 | Create | Villager (Male) |
| 11:07 | Create | Villager (Male) |
| 11:08 | Create | Villager (Male) |
| 11:08 | Create | Villager (Male) |
| 11:08 | Create | Villager (Male) |
| 11:33 | Build | Farm |
| 11:35 | Build | Farm |
| 11:58 | Create | Villager (Male) |
| 11:59 | Create | Villager (Male) |
| 11:59 | Create | Villager (Male) |
| 11:59 | Create | Villager (Male) |
| 12:00 | Create | Villager (Male) |
| 12:20 | Create | Villager (Male) |
| 13:09 | Build | Siege Workshop |
| 13:19 | Build | Lumber Camp |
| 13:27 | Build | Lumber Camp |
| 13:36 | Build | Monastery |
| 13:57 | Research | Imperial Age |
| 13:57 | Research | Imperial Age |
| 13:57 | Research | Imperial Age |
| 13:58 | Research | Imperial Age |
| 14:05 | Build | Farm |
| 14:08 | Build | Farm |
| 14:27 | Build | Lumber Camp |
| 14:47 | Create | Mangonel |
| 15:02 | Build | Market |
| 15:16 | Age | Imperial Age |
| 15:20 | Research | Wheelbarrow |
| 15:21 | Research | Wheelbarrow |
| 15:45 | Research | Onager (upgrade) |
| 15:45 | Research | Onager (upgrade) |
| 15:46 | Research | Onager (upgrade) |
| 16:12 | Research | Town Patrol |
| 16:12 | Research | Town Patrol |
| 16:12 | Research | Town Patrol |
| 16:13 | Research | Town Patrol |
| 16:15 | Create | Villager (Male) ×5 |
| 16:16 | Create | Villager (Male) ×5 |
| 16:16 | Create | Villager (Male) ×5 |
| 16:16 | Create | Villager (Male) ×4 |
| 16:17 | Create | Villager (Male) ×4 |
| 16:24 | Create | Villager (Male) ×5 |
| 16:24 | Create | Villager (Male) ×5 |
| 16:25 | Create | Villager (Male) ×5 |
| 16:25 | Create | Villager (Male) ×5 |
| 16:25 | Create | Villager (Male) ×5 |
| 16:41 | Build | Town Center |
| 16:53 | Build | Mining Camp |
| 17:18 | Create | Villager (Male) |
| 17:19 | Create | Villager (Male) |
| 17:19 | Create | Villager (Male) |
| 17:19 | Create | Villager (Male) |
| 17:31 | Research | Stone Mining |
| 17:31 | Research | Stone Mining |
| 17:32 | Research | Stone Mining |
| 17:32 | Research | Stone Mining |
| 17:32 | Research | Tech 1723 |
| 17:33 | Research | Tech 1723 |
| 17:33 | Research | Tech 1723 |
| 17:33 | Research | Tech 1723 |
| 17:33 | Research | Tech 1723 |
| 17:34 | Research | Tech 1723 |
| 17:34 | Research | Tech 1723 |
| 17:34 | Research | Tech 1724 |
| 17:35 | Research | Tech 1724 |
| 17:35 | Research | Gold Mining |
| 17:36 | Research | Gold Mining |
| 17:36 | Research | Gold Mining |
| 17:36 | Research | Gold Mining |
| 17:37 | Research | Tech 1653 |
| 17:37 | Research | Tech 1653 |
Build order — yxsko93
First 150 of 759 actions detected
| 0:04 | Create | Villager (Male) ×4 |
| 0:14 | Build | Settlement |
| 0:18 | Build | House |
| 1:39 | Create | Villager (Male) |
| 1:54 | Create | Villager (Male) |
| 2:07 | Create | Villager (Male) |
| 2:15 | Build | Farm |
| 2:22 | Create | Villager (Male) |
| 2:39 | Build | Farm |
| 3:19 | Build | Farm |
| 4:05 | Research | Feudal Age |
| 4:05 | Age | Feudal Age |
| 4:17 | Build | Market |
| 4:24 | Research | Town Watch |
| 4:28 | Create | Villager (Male) |
| 4:48 | Create | Villager (Male) |
| 4:58 | Build | Farm |
| 5:44 | Build | Farm |
| 6:00 | Build | Farm |
| 6:23 | Build | Farm |
| 6:41 | Create | Villager (Male) |
| 6:48 | Create | Villager (Male) |
| 7:14 | Create | Villager (Male) |
| 7:22 | Build | Blacksmith |
| 7:51 | Research | Castle Age |
| 7:55 | Age | Castle Age |
| 8:02 | Research | Forging |
| 8:02 | Research | Forging |
| 8:02 | Research | Tech 1661 |
| 8:03 | Research | Iron Casting |
| 8:03 | Research | Iron Casting |
| 8:04 | Research | Tech 1662 |
| 8:04 | Research | Tech 1662 |
| 8:04 | Research | Tech 1869 |
| 8:05 | Research | Tech 1869 |
| 8:05 | Research | Tech 1870 |
| 8:05 | Research | Tech 1870 |
| 8:07 | Research | Scale Mail Armor |
| 8:07 | Research | Tech 1663 |
| 8:07 | Research | Chain Mail Armor |
| 8:08 | Research | Tech 1664 |
| 8:08 | Research | Tech 1664 |
| 8:09 | Research | Tech 1667 |
| 8:09 | Research | Tech 1667 |
| 8:09 | Research | Tech 1668 |
| 8:10 | Research | Tech 1668 |
| 8:22 | Build | Farm |
| 8:27 | Create | Villager (Male) |
| 8:28 | Create | Villager (Male) |
| 8:28 | Create | Villager (Male) |
| 8:44 | Create | Villager (Male) |
| 8:45 | Create | Villager (Male) |
| 8:45 | Create | Villager (Male) |
| 8:58 | Create | Villager (Male) |
| 9:24 | Build | Town Center |
| 9:52 | Create | Villager (Male) |
| 10:15 | Create | Villager (Male) |
| 10:16 | Create | Villager (Male) |
| 10:16 | Create | Villager (Male) |
| 10:22 | Research | Double-Bit Axe |
| 10:23 | Research | Tech 1687 |
| 10:24 | Research | Tech 1688 |
| 10:29 | Create | Villager (Male) |
| 11:17 | Create | Villager (Male) |
| 11:17 | Create | Villager (Male) |
| 11:18 | Create | Villager (Male) |
| 11:38 | Create | Villager (Male) |
| 12:01 | Create | Villager (Male) |
| 12:02 | Create | Villager (Male) |
| 12:25 | Create | Villager (Male) |
| 12:25 | Create | Villager (Male) |
| 12:34 | Research | Bow Saw |
| 12:35 | Research | Bow Saw |
| 12:35 | Research | Tech 1691 |
| 13:03 | Research | Tech 1692 |
| 13:08 | Create | Villager (Male) |
| 13:12 | Create | Villager (Male) |
| 13:12 | Create | Villager (Male) |
| 13:27 | Build | Farm |
| 13:31 | Create | Villager (Male) |
| 13:46 | Build | Settlement |
| 14:09 | Build | Farm |
| 14:18 | Build | Farm |
| 14:23 | Create | Villager (Male) |
| 14:24 | Create | Villager (Male) |
| 14:24 | Create | Villager (Male) |
| 14:25 | Create | Villager (Male) |
| 14:25 | Create | Villager (Male) |
| 14:31 | Build | Settlement |
| 14:47 | Create | Villager (Male) |
| 14:47 | Create | Villager (Male) |
| 14:48 | Create | Villager (Male) |
| 14:53 | Create | Villager (Male) |
| 14:54 | Create | Villager (Male) |
| 15:52 | Build | Market |
| 15:58 | Build | Monastery |
| 16:40 | Build | Siege Workshop |
| 17:08 | Create | Mangonel |
| 17:09 | Create | Mangonel |
| 17:21 | Build | Settlement |
| 17:49 | Build | Castle |
| 18:08 | Research | Imperial Age |
| 18:08 | Age | Imperial Age |
| 18:13 | Research | Onager (upgrade) |
| 18:25 | Build | Barracks |
| 18:38 | Research | Town Patrol |
| 18:39 | Research | Town Patrol |
| 18:39 | Research | Tech 1612 |
| 18:39 | Research | Tech 1613 |
| 18:40 | Research | Tech 1613 |
| 18:59 | Create | Villager (Male) ×5 |
| 19:01 | Research | Wheelbarrow |
| 19:01 | Research | Wheelbarrow |
| 19:12 | Build | Stable |
| 19:23 | Research | Drill |
| 19:24 | Research | Tech 1609 |
| 19:24 | Research | Tech 1609 |
| 19:26 | Research | Nomads |
| 19:45 | Build | Castle |
| 20:08 | Create | Villager (Male) ×5 |
| 20:18 | Build | Castle |
| 20:31 | Research | Gold Mining |
| 20:31 | Research | Tech 1653 |
| 20:31 | Research | Tech 1653 |
| 20:32 | Research | Tech 1654 |
| 20:32 | Research | Tech 1654 |
| 20:34 | Research | Tech 1705 |
| 20:34 | Research | Tech 1705 |
| 20:34 | Research | Tech 1706 |
| 20:34 | Research | Tech 1706 |
| 20:54 | Build | Castle |
| 21:04 | Research | Capped Ram (upgrade) |
| 21:15 | Research | Conscription |
| 21:16 | Research | Conscription |
| 21:16 | Research | Tech 1733 |
| 21:16 | Research | Tech 1733 |
| 21:17 | Research | Tech 1734 |
| 21:36 | Build | Settlement |
| 21:41 | Research | Gold Shaft Mining |
| 21:42 | Research | Tech 1677 |
| 21:42 | Research | Tech 1678 |
| 21:43 | Research | Tech 1678 |
| 21:49 | Create | Villager (Male) ×4 |
| 21:50 | Create | Villager (Male) |
| 21:59 | Build | Farm |
| 22:03 | Build | Farm |
| 22:08 | Build | Farm |
| 22:49 | Create | Villager (Male) ×5 |
| 23:00 | Build | Siege Workshop |
| 23:05 | Build | Siege Workshop |
Build order — Sunnydae
First 150 of 183 actions detected
| 0:40 | Create | Villager (Male) |
| 0:40 | Create | Villager (Male) |
| 0:41 | Create | Villager (Male) |
| 0:41 | Create | Villager (Male) |
| 0:46 | Build | House |
| 0:49 | Build | Settlement |
| 1:18 | Build | Farm |
| 1:41 | Build | Farm |
| 3:03 | Create | Villager (Male) |
| 3:03 | Create | Villager (Male) |
| 3:04 | Create | Villager (Male) |
| 3:04 | Create | Villager (Male) |
| 3:04 | Create | Villager (Male) |
| 5:10 | Research | Feudal Age |
| 5:10 | Age | Feudal Age |
| 5:16 | Build | Farm |
| 5:20 | Build | Farm |
| 5:23 | Build | Farm |
| 5:30 | Create | Villager (Male) |
| 5:30 | Create | Villager (Male) |
| 5:31 | Create | Villager (Male) |
| 5:31 | Create | Villager (Male) |
| 6:00 | Build | Farm |
| 6:20 | Research | Double-Bit Axe |
| 6:21 | Research | Double-Bit Axe |
| 6:24 | Research | Tech 1687 |
| 6:27 | Research | Tech 1688 |
| 7:12 | Build | Market |
| 7:23 | Build | Blacksmith |
| 8:37 | Research | Castle Age |
| 8:37 | Age | Castle Age |
| 9:02 | Create | Villager (Male) |
| 9:02 | Create | Villager (Male) |
| 9:03 | Create | Villager (Male) |
| 9:03 | Create | Villager (Male) |
| 9:09 | Build | Farm |
| 9:14 | Build | Farm |
| 9:20 | Build | Farm |
| 10:17 | Create | Villager (Male) |
| 10:18 | Create | Villager (Male) |
| 10:18 | Create | Villager (Male) |
| 10:18 | Create | Villager (Male) |
| 10:19 | Create | Villager (Male) |
| 10:19 | Create | Villager (Male) |
| 10:19 | Create | Villager (Male) |
| 10:20 | Create | Villager (Male) |
| 10:53 | Research | Bow Saw |
| 11:07 | Research | Tech 1691 |
| 11:36 | Research | Tech 1692 |
| 12:11 | Build | Town Center |
| 12:26 | Build | Farm |
| 12:42 | Create | Villager (Male) |
| 12:43 | Create | Villager (Male) |
| 12:43 | Create | Villager (Male) |
| 12:43 | Create | Villager (Male) |
| 12:44 | Create | Villager (Male) |
| 12:44 | Create | Villager (Male) |
| 12:44 | Create | Villager (Male) |
| 12:45 | Create | Villager (Male) |
| 12:45 | Create | Villager (Male) |
| 12:45 | Create | Villager (Male) |
| 14:53 | Build | Farm |
| 15:26 | Build | Farm |
| 15:50 | Research | Wheelbarrow |
| 15:50 | Research | Wheelbarrow |
| 15:50 | Research | Wheelbarrow |
| 15:51 | Research | Tech 1699 |
| 15:51 | Research | Tech 1699 |
| 15:51 | Research | Tech 1700 |
| 15:57 | Research | Town Watch |
| 15:57 | Research | Town Watch |
| 15:58 | Research | Town Watch |
| 15:58 | Research | Tech 1612 |
| 15:58 | Research | Tech 1612 |
| 15:59 | Research | Tech 1612 |
| 15:59 | Research | Tech 1613 |
| 15:59 | Research | Tech 1613 |
| 16:48 | Build | Farm |
| 17:18 | Build | Siege Workshop |
| 17:35 | Build | Monastery |
| 18:15 | Build | Settlement |
| 18:52 | Build | Market |
| 19:07 | Build | Farm |
| 19:10 | Build | Farm |
| 19:31 | Build | Farm |
| 19:45 | Research | Imperial Age |
| 19:45 | Age | Imperial Age |
| 19:51 | Research | Onager (upgrade) |
| 20:13 | Create | Mangonel |
| 20:14 | Create | Mangonel |
| 20:34 | Create | Villager (Male) |
| 20:34 | Create | Villager (Male) |
| 20:35 | Create | Villager (Male) |
| 20:35 | Create | Villager (Male) |
| 20:35 | Create | Villager (Male) |
| 20:36 | Create | Villager (Male) |
| 20:36 | Create | Villager (Male) |
| 20:37 | Create | Villager (Male) |
| 20:37 | Create | Villager (Male) |
| 20:37 | Create | Villager (Male) |
| 20:38 | Create | Villager (Male) |
| 20:38 | Create | Villager (Male) |
| 20:38 | Create | Villager (Male) |
| 20:39 | Create | Villager (Male) |
| 20:39 | Create | Villager (Male) |
| 20:39 | Create | Villager (Male) |
| 20:40 | Create | Villager (Male) |
| 20:40 | Create | Villager (Male) |
| 20:40 | Create | Villager (Male) |
| 20:41 | Create | Villager (Male) |
| 20:41 | Create | Villager (Male) |
| 20:42 | Create | Villager (Male) |
| 20:42 | Create | Villager (Male) |
| 21:37 | Build | Town Center |
| 22:32 | Research | Tech 1705 |
| 22:32 | Research | Tech 1705 |
| 22:33 | Research | Tech 1705 |
| 22:33 | Research | Tech 1706 |
| 22:33 | Research | Tech 1706 |
| 22:33 | Research | Tech 1706 |
| 23:00 | Research | Gold Mining |
| 23:00 | Research | Gold Mining |
| 23:00 | Research | Gold Mining |
| 23:01 | Research | Tech 1653 |
| 23:01 | Research | Tech 1653 |
| 23:01 | Research | Tech 1653 |
| 23:01 | Research | Tech 1653 |
| 23:02 | Research | Tech 1654 |
| 23:02 | Research | Tech 1654 |
| 23:02 | Research | Tech 1654 |
| 23:03 | Research | Stone Mining |
| 23:03 | Research | Stone Mining |
| 23:04 | Research | Stone Mining |
| 23:04 | Research | Tech 1723 |
| 23:04 | Research | Tech 1723 |
| 23:04 | Research | Tech 1723 |
| 23:05 | Research | Tech 1724 |
| 23:05 | Research | Tech 1724 |
| 23:05 | Research | Tech 1724 |
| 23:31 | Build | Settlement |
| 24:07 | Research | Gold Shaft Mining |
| 24:08 | Research | Gold Shaft Mining |
| 24:08 | Research | Gold Shaft Mining |
| 24:08 | Research | Tech 1677 |
| 24:09 | Research | Tech 1677 |
| 24:09 | Research | Tech 1677 |
| 24:09 | Research | Tech 1678 |
| 24:10 | Research | Tech 1678 |
| 24:10 | Research | Tech 1678 |
| 26:11 | Build | Farm |
Build order — sppd3181
First 150 of 470 actions detected
| 0:05 | Create | Villager (Male) ×4 |
| 0:12 | Build | House |
| 0:19 | Build | Settlement |
| 1:38 | Create | Villager (Male) |
| 1:57 | Create | Villager (Male) |
| 2:17 | Create | Villager (Male) |
| 2:40 | Create | Villager (Male) |
| 3:12 | Create | Villager (Male) |
| 3:29 | Build | Farm |
| 3:50 | Research | Feudal Age |
| 3:50 | Age | Feudal Age |
| 3:55 | Create | Villager (Male) |
| 4:08 | Build | Market |
| 4:12 | Create | Villager (Male) |
| 4:27 | Create | Villager (Male) |
| 4:49 | Create | Villager (Male) |
| 5:06 | Create | Villager (Male) |
| 5:16 | Build | Farm |
| 6:06 | Create | Villager (Male) |
| 6:23 | Build | Farm |
| 6:30 | Create | Villager (Male) |
| 6:45 | Build | Farm |
| 7:01 | Create | Villager (Male) |
| 7:11 | Create | Villager (Male) |
| 7:22 | Build | Farm |
| 7:33 | Build | Farm |
| 7:35 | Create | Villager (Male) |
| 7:41 | Build | Farm |
| 7:50 | Create | Villager (Male) |
| 8:21 | Research | Double-Bit Axe |
| 8:29 | Create | Villager (Male) |
| 8:45 | Create | Villager (Male) |
| 8:49 | Research | Town Watch |
| 9:13 | Create | Villager (Male) |
| 9:34 | Build | Blacksmith |
| 9:36 | Create | Villager (Male) |
| 9:50 | Research | Tech 1687 |
| 10:01 | Research | Castle Age |
| 10:05 | Age | Castle Age |
| 10:19 | Create | Villager (Male) |
| 10:40 | Build | Town Center |
| 10:48 | Build | Farm |
| 10:51 | Build | Farm |
| 10:53 | Research | Bow Saw |
| 10:55 | Create | Villager (Male) |
| 11:03 | Research | Forging |
| 11:04 | Research | Iron Casting |
| 11:04 | Research | Iron Casting |
| 11:04 | Research | Tech 1661 |
| 11:05 | Research | Tech 1662 |
| 11:06 | Research | Tech 1869 |
| 11:06 | Research | Tech 1870 |
| 11:09 | Research | Scale Mail Armor |
| 11:10 | Research | Chain Mail Armor |
| 11:10 | Research | Tech 1663 |
| 11:11 | Research | Tech 1664 |
| 11:11 | Research | Tech 1664 |
| 11:12 | Research | Tech 1667 |
| 11:12 | Research | Tech 1667 |
| 11:13 | Research | Tech 1668 |
| 11:22 | Create | Villager (Male) |
| 11:23 | Create | Villager (Male) |
| 11:27 | Build | Farm |
| 11:30 | Build | Farm |
| 11:33 | Research | Tech 1688 |
| 11:50 | Create | Villager (Male) |
| 11:51 | Create | Villager (Male) |
| 12:02 | Create | Villager (Male) |
| 12:03 | Create | Villager (Male) |
| 12:19 | Create | Villager (Male) |
| 12:20 | Create | Villager (Male) |
| 12:39 | Create | Villager (Male) |
| 12:41 | Create | Villager (Male) |
| 12:46 | Research | Horse Collar |
| 13:13 | Create | Villager (Male) |
| 13:14 | Create | Villager (Male) |
| 13:23 | Build | Settlement |
| 13:39 | Build | Settlement |
| 13:41 | Create | Villager (Male) |
| 13:42 | Create | Villager (Male) |
| 14:12 | Create | Villager (Male) |
| 14:13 | Create | Villager (Male) |
| 14:19 | Build | Farm |
| 14:27 | Research | Tech 1691 |
| 14:32 | Create | Villager (Male) |
| 14:33 | Create | Villager (Male) |
| 14:38 | Build | Farm |
| 14:42 | Build | Farm |
| 14:51 | Create | Villager (Male) |
| 14:52 | Create | Villager (Male) |
| 15:11 | Build | Farm |
| 15:16 | Research | Tech 1692 |
| 15:18 | Create | Villager (Male) |
| 15:19 | Create | Villager (Male) |
| 15:28 | Build | Farm |
| 15:44 | Create | Villager (Male) |
| 15:45 | Create | Villager (Male) |
| 16:16 | Build | Settlement |
| 16:23 | Build | Farm |
| 16:38 | Build | Siege Workshop |
| 16:42 | Build | Monastery |
| 16:43 | Create | Villager (Male) |
| 16:44 | Create | Villager (Male) |
| 16:49 | Build | Farm |
| 16:52 | Build | Farm |
| 16:58 | Build | Farm |
| 17:08 | Create | Villager (Male) |
| 17:09 | Create | Villager (Male) |
| 17:12 | Research | Imperial Age |
| 17:33 | Age | Imperial Age |
| 17:51 | Create | Villager (Male) |
| 17:52 | Create | Villager (Male) |
| 18:02 | Research | Heavy Plow |
| 18:18 | Build | Farm |
| 18:26 | Build | Farm |
| 18:29 | Build | Farm |
| 18:40 | Create | Villager (Male) |
| 18:41 | Create | Villager (Male) |
| 18:48 | Build | Settlement |
| 19:05 | Build | Settlement |
| 19:09 | Build | Farm |
| 19:11 | Create | Villager (Male) |
| 19:14 | Research | Onager (upgrade) |
| 19:14 | Create | Mangonel |
| 19:26 | Build | Castle |
| 19:31 | Research | Crop Rotation |
| 19:34 | Research | Wheelbarrow |
| 19:35 | Create | Villager (Male) |
| 19:36 | Create | Villager (Male) |
| 20:06 | Research | Hand Cart |
| 20:09 | Research | Tech 1699 |
| 20:18 | Build | Farm |
| 20:33 | Research | Town Patrol |
| 20:44 | Build | Farm |
| 20:48 | Build | Farm |
| 20:56 | Research | Tech 1612 |
| 20:57 | Research | Tech 1613 |
| 21:00 | Research | Tech 1700 |
| 21:16 | Create | Mangonel |
| 21:17 | Create | Mangonel |
| 21:28 | Research | Tech 1620 |
| 21:29 | Research | Two-Man Saw |
| 21:45 | Build | Settlement |
| 21:53 | Build | Barracks |
| 21:55 | Create | Villager (Male) |
| 21:56 | Create | Villager (Male) |
| 22:30 | Create | Villager (Male) ×5 |
| 22:31 | Research | Tech 1715 |
| 22:31 | Research | Tech 1716 |
| 22:33 | Research | Loom |
Build order — sunny
First 150 of 963 actions detected
| 0:07 | Research | Loom |
| 0:07 | Research | Loom |
| 0:07 | Research | Loom |
| 0:08 | Research | Tech 1628 |
| 0:08 | Research | Tech 1628 |
| 0:08 | Research | Tech 1628 |
| 0:11 | Create | Villager (Male) |
| 0:12 | Create | Villager (Male) |
| 0:12 | Create | Villager (Male) |
| 0:12 | Create | Villager (Male) |
| 0:12 | Create | Villager (Male) |
| 0:13 | Create | Villager (Male) |
| 0:13 | Create | Villager (Male) |
| 0:13 | Create | Villager (Male) |
| 0:13 | Create | Villager (Male) |
| 0:21 | Build | House |
| 0:29 | Create | Villager (Male) |
| 0:29 | Create | Villager (Male) |
| 0:30 | Create | Villager (Male) |
| 0:31 | Create | Villager (Male) |
| 0:32 | Create | Villager (Male) |
| 0:47 | Create | Villager (Male) |
| 0:48 | Create | Villager (Male) |
| 0:59 | Create | Villager (Male) |
| 1:28 | Build | Lumber Camp |
| 3:07 | Research | Feudal Age |
| 3:08 | Create | Villager (Male) |
| 3:08 | Create | Villager (Male) |
| 3:09 | Create | Villager (Male) |
| 3:09 | Create | Villager (Male) |
| 3:09 | Create | Villager (Male) |
| 3:39 | Create | Villager (Male) |
| 3:39 | Create | Villager (Male) |
| 4:12 | Age | Feudal Age |
| 4:36 | Research | Wheelbarrow |
| 4:36 | Research | Wheelbarrow |
| 4:37 | Research | Wheelbarrow |
| 4:41 | Research | Tech 1699 |
| 4:42 | Research | Tech 1699 |
| 4:42 | Research | Tech 1699 |
| 4:42 | Research | Tech 1700 |
| 4:42 | Research | Tech 1700 |
| 4:43 | Research | Tech 1700 |
| 4:44 | Research | Town Watch |
| 4:44 | Research | Town Watch |
| 4:44 | Research | Town Watch |
| 4:45 | Research | Town Watch |
| 4:45 | Research | Tech 1612 |
| 4:45 | Research | Tech 1612 |
| 4:45 | Research | Tech 1612 |
| 4:46 | Research | Tech 1612 |
| 4:46 | Research | Tech 1613 |
| 4:46 | Research | Tech 1613 |
| 4:46 | Research | Tech 1613 |
| 4:46 | Research | Tech 1613 |
| 4:49 | Create | Villager (Male) |
| 4:49 | Create | Villager (Male) |
| 4:49 | Create | Villager (Male) |
| 4:49 | Create | Villager (Male) |
| 5:13 | Create | Villager (Male) |
| 5:37 | Create | Villager (Male) |
| 5:57 | Create | Villager (Male) |
| 5:57 | Create | Villager (Male) |
| 6:40 | Create | Villager (Male) |
| 6:40 | Create | Villager (Male) |
| 6:41 | Create | Villager (Male) |
| 6:41 | Create | Villager (Male) |
| 7:41 | Build | Market |
| 8:08 | Build | Mill |
| 8:19 | Build | Farm |
| 8:21 | Create | Villager (Male) |
| 8:21 | Create | Villager (Male) |
| 8:21 | Create | Villager (Male) |
| 8:22 | Create | Villager (Male) |
| 8:22 | Create | Villager (Male) |
| 9:02 | Research | Tech 1629 |
| 9:10 | Research | Castle Age |
| 9:18 | Research | Tech 1629 |
| 9:20 | Create | Villager (Male) |
| 9:21 | Create | Villager (Male) |
| 9:21 | Create | Villager (Male) |
| 9:42 | Build | Lumber Camp |
| 10:08 | Build | Farm |
| 10:14 | Build | Farm |
| 10:24 | Build | Farm |
| 10:29 | Build | Farm |
| 10:35 | Age | Castle Age |
| 11:06 | Research | Tech 1625 |
| 11:11 | Research | Double-Bit Axe |
| 11:15 | Create | Villager (Male) |
| 11:39 | Research | Caravan |
| 11:40 | Research | Coinage |
| 12:04 | Research | Bow Saw |
| 12:40 | Build | Town Center |
| 13:31 | Create | Villager (Male) |
| 13:33 | Research | Hand Cart |
| 13:33 | Research | Hand Cart |
| 13:33 | Research | Hand Cart |
| 13:33 | Research | Tech 1715 |
| 13:34 | Research | Tech 1715 |
| 13:34 | Research | Tech 1715 |
| 13:42 | Create | Villager (Male) |
| 13:46 | Research | Tech 1624 |
| 13:46 | Research | Tech 1624 |
| 13:46 | Research | Tech 1624 |
| 14:01 | Create | Villager (Male) |
| 14:01 | Create | Villager (Male) |
| 14:02 | Create | Villager (Male) |
| 14:02 | Create | Villager (Male) |
| 14:02 | Create | Villager (Male) |
| 14:02 | Create | Villager (Male) |
| 14:02 | Create | Villager (Male) |
| 14:02 | Create | Villager (Male) |
| 14:02 | Create | Villager (Male) |
| 14:03 | Create | Villager (Male) |
| 14:03 | Create | Villager (Male) |
| 14:03 | Create | Villager (Male) |
| 14:03 | Create | Villager (Male) |
| 14:03 | Create | Villager (Male) |
| 14:03 | Create | Villager (Male) |
| 14:04 | Create | Villager (Male) |
| 14:04 | Create | Villager (Male) |
| 14:04 | Create | Villager (Male) |
| 14:12 | Create | Villager (Male) |
| 14:12 | Create | Villager (Male) |
| 14:13 | Create | Villager (Male) |
| 14:13 | Create | Villager (Male) |
| 14:13 | Create | Villager (Male) |
| 14:13 | Create | Villager (Male) |
| 14:13 | Create | Villager (Male) |
| 14:14 | Create | Villager (Male) |
| 14:14 | Create | Villager (Male) |
| 14:14 | Create | Villager (Male) |
| 14:14 | Create | Villager (Male) |
| 14:14 | Create | Villager (Male) |
| 14:14 | Create | Villager (Male) |
| 14:14 | Create | Villager (Male) |
| 14:14 | Create | Villager (Male) |
| 14:15 | Create | Villager (Male) |
| 14:15 | Create | Villager (Male) |
| 14:15 | Create | Villager (Male) |
| 14:15 | Create | Villager (Male) |
| 14:15 | Create | Villager (Male) |
| 14:45 | Research | Tech 1716 |
| 14:45 | Research | Tech 1716 |
| 14:45 | Research | Tech 1716 |
| 15:21 | Create | Villager (Male) |
| 15:22 | Create | Villager (Male) |
| 15:22 | Create | Villager (Male) |
| 15:22 | Create | Villager (Male) |
Build order — DarthMadornk
First 150 of 426 actions detected
| 0:30 | Build | Lumber Camp |
| 0:35 | Create | Villager (Male) |
| 0:42 | Create | Villager (Male) |
| 0:51 | Research | Loom |
| 0:53 | Research | Tech 1628 |
| 1:13 | Build | House |
| 1:28 | Build | House |
| 1:47 | Create | Villager (Male) |
| 1:48 | Create | Villager (Male) |
| 2:05 | Create | Villager (Male) |
| 2:06 | Create | Villager (Male) |
| 3:43 | Build | Mill |
| 3:47 | Create | Villager (Male) |
| 3:49 | Create | Villager (Male) |
| 4:08 | Build | Farm |
| 4:12 | Create | Villager (Male) |
| 4:34 | Build | Lumber Camp |
| 4:36 | Create | Villager (Male) |
| 4:44 | Build | Farm |
| 5:09 | Build | Farm |
| 5:15 | Research | Feudal Age |
| 5:27 | Build | House |
| 5:41 | Build | Lumber Camp |
| 5:52 | Build | House |
| 6:17 | Create | Villager (Male) |
| 6:18 | Create | Villager (Male) |
| 6:19 | Research | Wheelbarrow |
| 6:19 | Research | Town Watch |
| 6:20 | Research | Tech 1699 |
| 6:20 | Research | Tech 1612 |
| 6:27 | Research | Tech 1625 |
| 7:49 | Research | Tech 1612 |
| 7:50 | Research | Tech 1700 |
| 7:50 | Research | Tech 1700 |
| 7:52 | Research | Tech 1613 |
| 7:52 | Research | Tech 1613 |
| 7:54 | Create | Villager (Male) |
| 8:22 | Research | Double-Bit Axe |
| 8:23 | Research | Double-Bit Axe |
| 8:23 | Research | Tech 1687 |
| 8:24 | Research | Tech 1687 |
| 8:24 | Research | Tech 1688 |
| 8:24 | Research | Tech 1688 |
| 8:41 | Create | Villager (Male) |
| 8:42 | Create | Villager (Male) |
| 8:42 | Create | Villager (Male) |
| 9:13 | Build | Lumber Camp |
| 9:50 | Build | Market |
| 10:59 | Research | Castle Age |
| 11:10 | Build | Farm |
| 11:24 | Research | Tech 1624 |
| 11:26 | Research | Horse Collar |
| 12:06 | Research | Hand Cart |
| 12:07 | Research | Tech 1715 |
| 12:08 | Research | Tech 1715 |
| 12:19 | Research | Tech 1623 |
| 12:35 | Create | Villager (Male) |
| 13:12 | Build | Lumber Camp |
| 13:14 | Research | Bow Saw |
| 13:43 | Research | Tech 1691 |
| 13:47 | Create | Villager (Male) |
| 13:47 | Create | Villager (Male) |
| 13:48 | Create | Villager (Male) |
| 14:15 | Build | Lumber Camp |
| 14:27 | Research | Tech 1716 |
| 14:27 | Research | Tech 1716 |
| 14:43 | Build | Farm |
| 14:47 | Build | Farm |
| 15:25 | Research | Tech 1629 |
| 15:26 | Research | Tech 1629 |
| 15:38 | Research | Town Patrol |
| 15:39 | Research | Town Patrol |
| 15:45 | Research | Tech 1692 |
| 15:45 | Research | Tech 1692 |
| 15:50 | Research | Tech 1622 |
| 15:50 | Research | Tech 1622 |
| 15:50 | Research | Heavy Plow |
| 15:51 | Research | Heavy Plow |
| 15:59 | Build | Lumber Camp |
| 16:06 | Build | Lumber Camp |
| 16:31 | Build | Farm |
| 16:45 | Build | Lumber Camp |
| 17:04 | Research | Coinage |
| 17:31 | Build | Mining Camp |
| 17:39 | Create | Villager (Male) |
| 17:39 | Create | Villager (Male) |
| 17:40 | Create | Villager (Male) |
| 17:40 | Create | Villager (Male) |
| 18:07 | Build | Lumber Camp |
| 18:20 | Build | Mill |
| 18:46 | Research | Stone Mining |
| 18:47 | Research | Gold Mining |
| 18:47 | Research | Gold Mining |
| 18:48 | Research | Tech 1723 |
| 18:49 | Research | Tech 1723 |
| 18:49 | Research | Tech 1724 |
| 18:50 | Research | Tech 1653 |
| 18:50 | Research | Tech 1653 |
| 18:51 | Research | Tech 1654 |
| 19:10 | Build | Lumber Camp |
| 19:24 | Build | Siege Workshop |
| 19:43 | Create | Villager (Male) |
| 19:56 | Create | Mangonel |
| 20:49 | Create | Villager (Male) |
| 20:49 | Create | Villager (Male) |
| 21:26 | Build | Lumber Camp |
| 21:37 | Build | Lumber Camp |
| 21:58 | Create | Villager (Male) |
| 21:59 | Create | Villager (Male) |
| 21:59 | Create | Villager (Male) |
| 22:03 | Create | Villager (Male) |
| 22:04 | Create | Villager (Male) |
| 22:23 | Create | Mangonel |
| 23:23 | Build | Mining Camp |
| 23:31 | Create | Villager (Male) |
| 23:31 | Create | Villager (Male) |
| 23:32 | Create | Villager (Male) |
| 23:51 | Build | Town Center |
| 24:02 | Build | Lumber Camp |
| 24:42 | Build | Castle |
| 25:03 | Research | Tech 1727 |
| 25:03 | Research | Gold Shaft Mining |
| 25:03 | Research | Tech 1727 |
| 25:03 | Research | Gold Shaft Mining |
| 25:04 | Research | Tech 1728 |
| 25:04 | Research | Tech 1677 |
| 25:04 | Research | Tech 1728 |
| 25:04 | Research | Tech 1677 |
| 25:05 | Research | Tech 1678 |
| 25:05 | Research | Tech 1678 |
| 25:45 | Create | Villager (Male) |
| 25:45 | Create | Villager (Male) |
| 25:45 | Create | Villager (Male) |
| 25:46 | Create | Villager (Male) |
| 25:57 | Build | Farm |
| 26:03 | Build | Farm |
| 26:21 | Build | Castle |
| 26:39 | Create | Villager (Male) |
| 26:39 | Create | Villager (Male) |
| 26:47 | Build | Lumber Camp |
| 26:57 | Build | Lumber Camp |
| 27:14 | Build | University |
| 27:21 | Research | Silk Armor |
| 27:53 | Research | Imperial Age |
| 29:29 | Research | Chemistry |
| 30:08 | Research | Caravan |
| 30:09 | Research | Banking |
| 30:36 | Research | Banking |
| 30:37 | Research | Tech 1642 |
| 30:40 | Research | Bombard Tower (upgrade) |
Build order — Gibus3143
First 150 of 643 actions detected
| 0:02 | Create | Villager (Male) ×5 |
| 0:02 | Create | Villager (Male) ×5 |
| 0:03 | Create | Villager (Male) ×5 |
| 0:20 | Build | House |
| 0:21 | Build | House |
| 0:27 | Create | Villager (Male) |
| 0:55 | Build | House |
| 0:56 | Build | House |
| 1:01 | Create | Villager (Male) |
| 1:21 | Create | Villager (Male) |
| 1:39 | Build | House |
| 1:41 | Build | House |
| 1:42 | Build | House |
| 1:43 | Build | House |
| 1:45 | Create | Villager (Male) |
| 2:07 | Create | Villager (Male) |
| 3:04 | Create | Villager (Male) |
| 3:05 | Create | Villager (Male) |
| 3:50 | Build | Lumber Camp |
| 3:57 | Research | Loom |
| 4:55 | Create | Villager (Male) |
| 4:55 | Create | Villager (Male) |
| 4:57 | Create | Villager (Male) |
| 4:58 | Create | Villager (Male) |
| 4:58 | Create | Villager (Male) |
| 5:19 | Research | Feudal Age |
| 6:10 | Create | Villager (Male) |
| 6:11 | Create | Villager (Male) |
| 6:12 | Create | Villager (Male) |
| 6:12 | Create | Villager (Male) |
| 6:22 | Research | Double-Bit Axe |
| 6:22 | Research | Tech 1687 |
| 6:23 | Research | Tech 1688 |
| 6:30 | Research | Wheelbarrow |
| 6:30 | Research | Wheelbarrow |
| 6:33 | Research | Town Watch |
| 6:33 | Research | Town Watch |
| 6:48 | Build | Mill |
| 7:06 | Research | Tech 1699 |
| 7:17 | Research | Tech 1625 |
| 7:17 | Research | Tech 1625 |
| 7:17 | Research | Tech 1624 |
| 7:37 | Research | Tech 1612 |
| 7:39 | Research | Tech 1613 |
| 7:51 | Research | Horse Collar |
| 8:48 | Research | Tech 1700 |
| 9:43 | Create | Villager (Male) |
| 9:44 | Create | Villager (Male) |
| 9:45 | Create | Villager (Male) |
| 9:45 | Create | Villager (Male) |
| 9:53 | Build | Market |
| 10:02 | Build | Blacksmith |
| 10:54 | Research | Castle Age |
| 11:00 | Build | Farm |
| 11:02 | Build | Farm |
| 11:04 | Build | Farm |
| 11:06 | Build | Farm |
| 11:07 | Build | Farm |
| 11:30 | Build | House |
| 12:03 | Create | Villager (Male) |
| 12:04 | Create | Villager (Male) |
| 12:05 | Create | Villager (Male) |
| 12:05 | Create | Villager (Male) |
| 12:06 | Create | Villager (Male) |
| 12:06 | Create | Villager (Male) |
| 12:07 | Create | Villager (Male) |
| 12:08 | Create | Villager (Male) |
| 12:08 | Create | Villager (Male) |
| 12:09 | Create | Villager (Male) |
| 12:39 | Build | Town Center |
| 12:47 | Research | Bow Saw |
| 12:47 | Research | Tech 1691 |
| 12:47 | Research | Tech 1691 |
| 12:48 | Research | Tech 1692 |
| 12:48 | Research | Tech 1692 |
| 13:18 | Create | Villager (Male) |
| 13:19 | Create | Villager (Male) |
| 13:23 | Create | Villager (Male) |
| 13:24 | Create | Villager (Male) |
| 13:25 | Create | Villager (Male) |
| 13:25 | Create | Villager (Male) |
| 13:26 | Create | Villager (Male) |
| 13:39 | Research | Tech 1623 |
| 13:49 | Research | Tech 1622 |
| 14:20 | Research | Heavy Plow |
| 14:56 | Build | Town Center |
| 15:31 | Research | Town Patrol |
| 15:35 | Research | Hand Cart |
| 15:45 | Create | Villager (Male) |
| 15:46 | Create | Villager (Male) |
| 15:51 | Research | Tech 1715 |
| 15:58 | Research | Tech 1716 |
| 16:31 | Create | Villager (Male) |
| 16:31 | Create | Villager (Male) |
| 16:38 | Research | Loom |
| 16:40 | Research | Tech 1628 |
| 16:40 | Research | Tech 1628 |
| 16:41 | Research | Tech 1629 |
| 16:48 | Create | Villager (Male) |
| 16:48 | Create | Villager (Male) |
| 16:49 | Create | Villager (Male) |
| 16:49 | Create | Villager (Male) |
| 16:50 | Create | Villager (Male) |
| 16:50 | Create | Villager (Male) |
| 17:01 | Build | Lumber Camp |
| 17:04 | Build | Lumber Camp |
| 17:18 | Build | Siege Workshop |
| 17:27 | Create | Villager (Male) ×5 |
| 17:33 | Create | Villager (Male) ×5 |
| 17:35 | Create | Villager (Male) ×5 |
| 17:43 | Create | Villager (Male) ×5 |
| 17:44 | Create | Villager (Male) ×5 |
| 18:06 | Build | Mining Camp |
| 18:15 | Build | Lumber Camp |
| 18:20 | Build | Lumber Camp |
| 18:33 | Research | Gold Mining |
| 18:33 | Research | Gold Mining |
| 18:33 | Research | Tech 1653 |
| 18:34 | Research | Tech 1654 |
| 18:57 | Build | Farm |
| 19:11 | Create | Mangonel |
| 19:11 | Create | Mangonel |
| 19:19 | Build | Lumber Camp |
| 19:24 | Build | Lumber Camp |
| 19:26 | Build | Farm |
| 19:40 | Build | Mining Camp |
| 20:05 | Create | Villager (Male) |
| 20:05 | Create | Villager (Male) |
| 20:06 | Create | Villager (Male) |
| 20:06 | Create | Villager (Male) |
| 20:06 | Create | Villager (Male) |
| 20:15 | Build | University |
| 20:21 | Build | Lumber Camp |
| 20:26 | Research | Stone Mining |
| 20:27 | Research | Tech 1723 |
| 20:29 | Research | Tech 1724 |
| 20:39 | Research | Gold Shaft Mining |
| 20:39 | Research | Tech 1677 |
| 20:40 | Research | Tech 1677 |
| 20:40 | Research | Tech 1678 |
| 20:44 | Research | Stone Shaft Mining |
| 20:46 | Research | Tech 1727 |
| 20:47 | Research | Tech 1728 |
| 20:53 | Research | Ballistics |
| 20:53 | Research | Ballistics |
| 20:56 | Research | Masonry |
| 20:57 | Research | Tech 1646 |
| 20:57 | Research | Tech 1646 |
| 20:57 | Research | Tech 1647 |
| 20:58 | Research | Tech 1647 |
Build order — gamingtars
First 150 of 756 actions detected
| 0:01 | Create | Villager (Male) |
| 0:02 | Create | Villager (Male) |
| 0:02 | Create | Villager (Male) |
| 0:12 | Create | Villager (Male) |
| 0:35 | Build | Settlement |
| 1:24 | Create | Villager (Male) |
| 1:24 | Create | Villager (Male) |
| 1:49 | Build | Farm |
| 1:57 | Build | Farm |
| 2:25 | Build | Farm |
| 2:39 | Create | Villager (Male) |
| 2:58 | Create | Villager (Male) |
| 3:01 | Build | Farm |
| 3:28 | Create | Villager (Male) |
| 3:32 | Build | Farm |
| 3:45 | Research | Feudal Age |
| 3:54 | Age | Feudal Age |
| 4:00 | Create | Villager (Male) |
| 4:11 | Research | Double-Bit Axe |
| 4:38 | Build | Market |
| 4:38 | Create | Villager (Male) |
| 4:39 | Create | Villager (Male) |
| 4:49 | Research | Tech 1687 |
| 5:04 | Build | Farm |
| 5:08 | Create | Villager (Male) |
| 5:14 | Research | Tech 1688 |
| 5:32 | Build | Farm |
| 5:43 | Create | Villager (Male) |
| 6:02 | Build | Farm |
| 6:04 | Build | Farm |
| 6:14 | Create | Villager (Male) |
| 6:32 | Create | Villager (Male) |
| 6:57 | Create | Villager (Male) |
| 7:27 | Create | Villager (Male) |
| 7:56 | Create | Villager (Male) |
| 8:02 | Build | Blacksmith |
| 8:21 | Research | Castle Age |
| 8:22 | Age | Castle Age |
| 8:32 | Build | Town Center |
| 8:34 | Create | Villager (Male) |
| 8:55 | Build | Farm |
| 9:02 | Research | Town Watch |
| 9:02 | Research | Tech 1612 |
| 9:03 | Research | Tech 1612 |
| 9:10 | Build | Farm |
| 9:19 | Create | Villager (Male) |
| 9:20 | Create | Villager (Male) |
| 9:39 | Research | Bow Saw |
| 9:39 | Research | Bow Saw |
| 9:47 | Create | Villager (Male) |
| 9:56 | Build | Farm |
| 10:11 | Build | Farm |
| 10:15 | Create | Villager (Male) |
| 10:15 | Create | Villager (Male) |
| 10:33 | Research | Tech 1691 |
| 10:33 | Research | Tech 1691 |
| 10:35 | Create | Villager (Male) |
| 10:45 | Build | Farm |
| 10:46 | Create | Villager (Male) |
| 11:05 | Create | Villager (Male) |
| 11:15 | Build | Farm |
| 11:16 | Build | Farm |
| 11:16 | Create | Villager (Male) |
| 11:17 | Create | Villager (Male) |
| 11:26 | Research | Tech 1692 |
| 11:40 | Create | Villager (Male) |
| 11:55 | Create | Villager (Male) |
| 11:55 | Create | Villager (Male) |
| 11:56 | Create | Villager (Male) |
| 12:12 | Build | Town Center |
| 12:17 | Create | Villager (Male) |
| 12:17 | Create | Villager (Male) |
| 12:23 | Build | Farm |
| 12:43 | Build | Settlement |
| 12:47 | Create | Villager (Male) |
| 12:48 | Create | Villager (Male) |
| 12:51 | Build | Farm |
| 13:00 | Create | Villager (Male) |
| 13:01 | Create | Villager (Male) |
| 13:02 | Create | Villager (Male) |
| 13:11 | Create | Villager (Male) |
| 13:12 | Create | Villager (Male) |
| 13:12 | Create | Villager (Male) |
| 13:16 | Research | Horse Collar |
| 13:16 | Research | Horse Collar |
| 13:17 | Research | Tech 1624 |
| 13:17 | Research | Tech 1624 |
| 13:30 | Research | Wheelbarrow |
| 13:34 | Create | Villager (Male) |
| 13:34 | Create | Villager (Male) |
| 13:35 | Create | Villager (Male) |
| 13:46 | Create | Villager (Male) |
| 13:55 | Build | Town Center |
| 14:10 | Create | Villager (Male) |
| 14:10 | Create | Villager (Male) |
| 14:12 | Create | Villager (Male) |
| 14:21 | Build | Settlement |
| 14:33 | Create | Villager (Male) |
| 14:34 | Create | Villager (Male) |
| 14:44 | Research | Gold Mining |
| 14:45 | Research | Tech 1653 |
| 14:46 | Research | Tech 1653 |
| 14:53 | Build | Farm |
| 15:01 | Create | Villager (Male) |
| 15:01 | Create | Villager (Male) |
| 15:07 | Create | Villager (Male) |
| 15:50 | Build | Castle |
| 16:00 | Build | Farm |
| 16:01 | Build | Farm |
| 16:04 | Build | Farm |
| 16:22 | Research | Loom |
| 16:22 | Research | Tech 1628 |
| 16:23 | Research | Tech 1628 |
| 16:23 | Research | Tech 1629 |
| 16:23 | Research | Tech 1629 |
| 16:47 | Create | Villager (Male) |
| 16:48 | Create | Villager (Male) |
| 16:53 | Research | Imperial Age |
| 16:54 | Age | Imperial Age |
| 16:55 | Create | Villager (Male) |
| 16:56 | Create | Villager (Male) |
| 16:56 | Create | Villager (Male) |
| 16:57 | Create | Villager (Male) |
| 17:08 | Build | Settlement |
| 17:18 | Build | Siege Workshop |
| 17:19 | Create | Villager (Male) |
| 17:19 | Create | Villager (Male) |
| 17:20 | Create | Villager (Male) |
| 17:21 | Create | Villager (Male) |
| 17:24 | Create | Villager (Male) |
| 17:24 | Create | Villager (Male) |
| 17:25 | Create | Villager (Male) |
| 17:49 | Research | Guilds |
| 17:52 | Research | Caravan |
| 17:57 | Research | Coinage |
| 18:01 | Create | Villager (Male) |
| 18:01 | Create | Villager (Male) |
| 18:02 | Create | Villager (Male) |
| 19:00 | Build | Farm |
| 19:01 | Build | Farm |
| 19:02 | Build | Farm |
| 19:02 | Build | Farm |
| 19:02 | Build | Farm |
| 19:03 | Build | Farm |
| 19:17 | Create | Villager (Male) |
| 19:17 | Create | Villager (Male) |
| 19:42 | Research | Tech 1705 |
| 19:43 | Research | Tech 1706 |
| 19:43 | Research | Tech 1706 |
| 19:49 | Create | Villager (Male) |
Match timeline
| 3:50 | sppd3181 · age_up feudal |
| 3:54 | gamingtars · age_up feudal |
| 4:05 | yxsko93 · age_up feudal |
| 4:12 | sunny · age_up feudal |
| 4:17 | 476055690 · age_up feudal |
| 4:24 | sppd3181 · first_market_sell 100 wood |
| 5:10 | Sunnydae · age_up feudal |
| 5:11 | yxsko93 · first_market_sell 100 wood |
| 5:15 | 476055690 · first_market_sell 100 wood |
| 5:46 | gamingtars · first_market_sell 100 wood |
| 6:29 | gamingtars · first_market_buy 100 food |
| 6:46 | 476055690 · age_up castle |
| 7:55 | yxsko93 · age_up castle |
| 8:22 | gamingtars · age_up castle |
| 8:32 | Sunnydae · first_market_sell 500 wood |
| 8:32 | sunny · first_market_sell 100 wood |
| 8:37 | Sunnydae · age_up castle |
| 9:03 | sppd3181 · first_market_buy 100 food |
| 10:05 | sppd3181 · age_up castle |
| 10:24 | DarthMadornk · first_market_sell 100 wood |
| 10:32 | Gibus3143 · first_market_sell 100 wood |
| 10:35 | sunny · age_up castle |
| 10:44 | Gibus3143 · first_market_buy 100 food |
| 13:09 | 476055690 · first_building Siege Workshop |
| 13:36 | 476055690 · first_building Monastery |
| 15:16 | 476055690 · age_up imperial |
| 15:50 | gamingtars · first_building Castle |
| 15:58 | yxsko93 · first_building Monastery |
| 16:38 | sppd3181 · first_building Siege Workshop |
| 16:40 | yxsko93 · first_building Siege Workshop |
| 16:42 | sppd3181 · first_building Monastery |
| 16:54 | gamingtars · age_up imperial |
| 17:18 | Sunnydae · first_building Siege Workshop |
| 17:18 | Gibus3143 · first_building Siege Workshop |
| 17:18 | gamingtars · first_building Siege Workshop |
| 17:33 | sppd3181 · age_up imperial |
| 17:35 | Sunnydae · first_building Monastery |
| 17:42 | sunny · first_building Siege Workshop |
| 17:49 | yxsko93 · first_building Castle |
| 18:08 | yxsko93 · age_up imperial |
| 18:25 | yxsko93 · first_building Barracks |
| 18:41 | gamingtars · tribute_sent a jugador 1 |
| 18:41 | gamingtars · tribute_sent a jugador 2 |
| 18:41 | gamingtars · tribute_sent a jugador 3 |
| 18:41 | gamingtars · tribute_sent a jugador 4 |
| 18:41 | gamingtars · tribute_sent a jugador 5 |
| 18:41 | gamingtars · tribute_sent a jugador 6 |
| 18:41 | gamingtars · tribute_sent a jugador 7 |
| 19:12 | yxsko93 · first_building Stable |
| 19:14 | sunny · first_market_buy 100 stone |
| 19:16 | gamingtars · tribute_sent a jugador 1 |
| 19:16 | gamingtars · tribute_sent a jugador 2 |
| 19:16 | gamingtars · tribute_sent a jugador 3 |
| 19:16 | gamingtars · tribute_sent a jugador 4 |
| 19:16 | gamingtars · tribute_sent a jugador 5 |
| 19:16 | gamingtars · tribute_sent a jugador 6 |
| 19:16 | gamingtars · tribute_sent a jugador 7 |
| 19:24 | DarthMadornk · first_building Siege Workshop |
| 19:26 | sppd3181 · first_building Castle |
| 19:45 | Sunnydae · age_up imperial |
| 21:12 | 476055690 · first_building Barracks |
| 21:26 | 476055690 · first_building Castle |
| 21:53 | sppd3181 · first_building Barracks |
| 22:04 | gamingtars · first_building Barracks |
| 22:31 | Gibus3143 · first_building Castle |
| 22:39 | 476055690 · first_building Stable |
| 23:06 | Gibus3143 · first_building Stable |
| 24:11 | sunny · age_up imperial |
| 24:42 | DarthMadornk · first_building Castle |
| 26:24 | sppd3181 · first_building Archery Range |
| 27:14 | Sunnydae · wall_segment Stone Wall x4 |
| 28:41 | sppd3181 · wall_segment Stone Wall x6 |
| 28:45 | sppd3181 · wall_segment Stone Wall x7 |
| 31:41 | sppd3181 · first_building Stable |
| 32:14 | sunny · first_building Castle |
| 32:34 | gamingtars · first_building Archery Range |
| 34:07 | Gibus3143 · wall_segment Stone Wall x6 |
| 34:10 | Gibus3143 · wall_segment Stone Wall x6 |
| 38:20 | 476055690 · first_market_buy 100 stone |
| 40:49 | DarthMadornk · first_building Barracks |
| 41:08 | DarthMadornk · first_building Archery Range |
| 42:02 | DarthMadornk · first_building Stable |
| 45:20 | Gibus3143 · first_building Archery Range |
| 53:23 | sunny · wall_segment Stone Wall x13 |
| 54:30 | yxsko93 · first_building Archery Range |
| 55:36 | sppd3181 · resign |
[ AI ANALYSIS · 1 CREDIT ]
What really happened in this match?
Wolo.gg analyzes every decision: build order, eco, micro, common mistakes by bracket. Personalized analysis on WhatsApp or Discord in 30 seconds.
Civ guide
Gurjaras
Perfil
Jugador #18973561